 Dungeon Crawl Stone Soup version 0.29.1-12-g30fa7ad0bf (webtiles) character file.

Game seed: 400250191889200088

14013 cheesebisquit the Fighter (level 11, -34/156 HPs)
             Began as a Minotaur Berserker on Dec 28, 2022.
             Was a Follower of Trog.
             Killed from afar by Jorgrun (47 damage)
             ... with an iron shot
             ... on level 12 of the Dungeon.
             The game lasted 00:44:40 (14502 turns).

cheesebisquit the Fighter (Minotaur Berserker)     Turns: 14502, Time: 00:44:40

Health: -34/156    AC: 16    Str: 27    XL:     11   Next: 83%
Magic:  10/10      EV: 10    Int:  4    God:    Trog [*.....]
Gold:   740        SH:  0    Dex:  9    Spells: 10/10 levels left

rFire   . . .      SeeInvis .   N - +0 morningstar
rCold   . . .      Faith    .   (no shield)
rNeg    . . .      Spirit   .   F - +1 plate armour
rPois   +          Reflect  .   (helmet restricted)
rElec   .          Harm     .   (no cloak)
rCorr   .          Rampage  .   (no gloves)
Will    +....                   (no boots)
Stlth   ..........              (no amulet)
HPRegen 0.36/turn               M - ring of poison resistance
MPRegen 0.12/turn               I - ring of willpower

@: berserking (expiring), very quick
A: horns 2, retaliatory headbutt
a: Renounce Religion, Berserk


You were on level 12 of the Dungeon.
You worshipped Trog.
Trog was aware of your devotion.
You visited 1 branch of the dungeon, and saw 12 of its levels.

You collected 740 gold pieces.

Inventory:

Hand Weapons
 a - a +0 hand axe
 N - a +0 morningstar (weapon)
Missiles
 g - 2 throwing nets (quivered)
 n - 5 poisoned darts
 v - 8 atropa-tipped darts
 J - a curare-tipped dart
Armour
 F - a +1 plate armour (worn)
Jewellery
 e - a ring of see invisible
 r - a ring of positive energy
 H - a ring of magical power
 I - a ring of willpower (right hand)
 M - a ring of poison resistance (left hand)
Wands
 d - a wand of mindburst (17)
 y - a wand of roots (5)
 z - a wand of paralysis (3)
 B - a wand of flame (47)
 C - a wand of quicksilver (12)
Scrolls
 h - 2 scrolls of magic mapping
 i - 3 scrolls of fog
 j - 2 scrolls of enchant armour
 k - a scroll of immolation
 l - 5 scrolls of teleportation
 o - a scroll of vulnerability
 p - a scroll of blinking {unknown}
 s - a scroll of acquirement {unknown}
 t - a scroll of summoning
 u - 3 scrolls of poison
 E - a scroll of brand weapon {unknown}
 G - a scroll of noise {unknown}
 K - a scroll of torment {unknown}
Potions
 b - a potion of attraction {unknown}
 c - 3 potions of flight
 f - 3 potions of cancellation
 m - 5 potions of curing
 q - 2 potions of magic
 w - 5 potions of invisibility
 x - 2 potions of lignification {unknown}
 A - 2 potions of haste
 L - 2 potions of ambrosia {unknown}


   Skills:
 + Level 12.1 Fighting
 + Level 12.1 Axes
 + Level 11.8 Armour
 + Level 10.8 Dodging


You had 10 spell levels left.
You didn't know any spells.
Your spell library was empty.

Dungeon Overview and Level Annotations

Branches:
Dungeon (12/15)            Temple (0/1) D:4            Lair (0/5) D:8
    Orc: D:9-12

Altars:
Dithmenos
Elyvilon
Kikubaaqudgha
Okawaru
Qazlal
Uskayaw
Vehumet

Shops:
D:8 (   D:9 [

Annotations:
D:7 exclusion: statue
D:12 Jorgrun


Innate Abilities, Weirdness & Mutations

You have a pair of horns on your head.
You reflexively headbutt those who attack you in melee.


Message History

You miss Jorgrun. Your headbutt misses Jorgrun.
Jorgrun is lightly wounded.
Jorgrun hits you with a staff of earth.
Okay, then.
Jorgrun hits you with a staff of earth.
You puncture Jorgrun! Your headbutt misses Jorgrun.
Jorgrun is lightly wounded.
You closely miss Jorgrun.
Jorgrun is lightly wounded.
Jorgrun hits you with a staff of earth!
You closely miss Jorgrun.
Jorgrun is lightly wounded.
Jorgrun hits you with a staff of earth!
You miss Jorgrun. Your headbutt misses Jorgrun.
Jorgrun is lightly wounded.
You miss Jorgrun. Your headbutt misses Jorgrun.
Jorgrun is lightly wounded.
Jorgrun barely misses you.
You closely miss Jorgrun. Your headbutt misses Jorgrun.
Jorgrun is lightly wounded.
Jorgrun casts a spell at you. You resist with some effort.
You puncture Jorgrun! Your headbutt misses Jorgrun.
Jorgrun is moderately wounded.
Jorgrun hits you with a staff of earth!!
You puncture Jorgrun!
Jorgrun is moderately wounded.
You impale Jorgrun!! You headbutt Jorgrun!
Jorgrun is severely wounded.
Jorgrun hits you with a staff of earth! Jorgrun shatters you!
You bludgeon Jorgrun!!
Jorgrun is almost dead.
Jorgrun casts a spell at you. The iron shot hits you!!!
* * * LOW HITPOINT WARNING * * *
You miss Jorgrun.
Jorgrun is almost dead.
Jorgrun gestures at you while chanting. The iron shot hits you!!!
You die...

#..# #..... #..# #..... . #..#
######..... .. #..###..........
....#####...............
........................
.....####.............†. ######
......g...........#####.
.....#..........@.....^....#...#.
.....#...................###...#.
.....#..........#.######.#.....#.
.....#.....#######. #.#.....#.
.....#.....# #. #.#.....#.
.....#.....# ## #.#.....#.
######.....# #.#.....#.
........>..# #.##'#+##.
...........#############.........


You could see Jorgrun (strong).

Vanquished Creatures
  6 two-headed ogres
  A catoblepas (D:10)
  A centaur warrior (D:10)
  The ghost of wormed the Cleaver, a novice MiBe of Trog (D:9)
  2 manticores (D:11)
  2 ugly things (D:12)
  A gargoyle (D:11)
  Maggie (D:10)
  An unseen horror (D:9)
  A komodo dragon (D:12)
  4 trolls
  A wraith (D:9)
  2 wyverns
  A shadow (D:11)
  A vampire (D:11)
  4 yaks (D:8)
  Eustachio (D:6)
  2 steam dragons
  3 wargs (D:8)
  Edmund (D:6)
  An acid dragon (D:9)
  A black bear (D:7)
  A sky beast (D:7)
  An ice beast (D:7)
  2 orc warriors
  An ogre (D:3)
  4 centaurs
  A kobold brigand (D:7)
  2 bullfrogs (D:8)
  2 scorpions (D:7)
  3 necrophages (D:7)
  7 wights
  10 killer bees
  4 howler monkeys
  A hound (D:5)
  4 orc priests
  2 jellies
  2 gnoll boudas
  Jessica (D:3)
  3 iguanas
  11 orc wizards
  Robin (D:2)
  7 gnolls
  5 adders
  2 ufetubi
  2 worms
  A dart slug (D:1)
  28 orcs
  3 bats
  9 endoplasms
  3 giant cockroaches
  9 goblins
  11 hobgoblins
  4 jackals (D:3)
  A quokka (D:5)
  8 ball pythons
  2 frilled lizards
  3 kobolds
  5 rats
205 creatures vanquished.

Vanquished Creatures (others)
  A human (D:3)
  An orc wizard (D:9)
2 creatures vanquished.

Grand Total: 207 creatures vanquished

Notes
Turn   | Place    | Note
-------+----------+-------------------------------------------
     0 | D:1      | cheesebisquit the Minotaur Berserker began the quest for
                  | the Orb.
     0 | D:1      | Reached XP level 1. HP: 19/19 MP: 0/0
   375 | D:1      | Reached XP level 2. HP: 26/27 MP: 1/1
   960 | D:2      | Reached ** piety under Trog
  1009 | D:2      | Reached XP level 3. HP: 19/33 MP: 2/2
  1200 | D:2      | Noticed Robin
  1211 | D:2      | Killed Robin
  1245 | D:2      | Found a white marble altar of Elyvilon.
  1337 | D:2      | Reached XP level 4. HP: 41/41 MP: 3/3
  1363 | D:2      | Found a faded altar of an unknown god.
  1611 | D:3      | Noticed an ogre
  1619 | D:3      | Killed an ogre
  1620 | D:3      | Reached XP level 5. HP: 47/47 MP: 4/4
  1708 | D:3      | You fall into a shaft and drop 3 floors!
  1713 | D:5      | Entered Level 5 of the Dungeon
  1735 | D:5      | Reached skill level 5 in Fighting
  1735 | D:5      | Reached skill level 5 in Axes
  1738 | D:5      | Reached XP level 6. HP: 56/56 MP: 5/5
  1804 | D:4      | Found a staircase to the Ecumenical Temple.
  2209 | D:3      | Found an ancient bone altar of Kikubaaqudgha.
  2212 | D:3      | Noticed a human
  2214 | D:3      | Killed a human
  2241 | D:3      | Noticed Jessica
  2249 | D:3      | Killed Jessica
  3255 | D:4      | Found a faded altar of an unknown god.
  3255 | D:4      | Found an iron altar of Okawaru.
  3263 | D:4      | Found a faded altar of an unknown god.
  3266 | D:4      | Found a stormy altar of Qazlal.
  3268 | D:4      | Found a white marble altar of Elyvilon.
  3589 | D:5      | Reached skill level 5 in Armour
  3589 | D:5      | Reached XP level 7. HP: 38/62 MP: 6/6
  4248 | D:6      | Noticed a wyvern
  4254 | D:6      | Killed a wyvern
  4255 | D:6      | Reached skill level 5 in Dodging
  4412 | D:6      | Noticed Edmund
  4424 | D:6      | Killed Edmund
  4678 | D:6      | Noticed Eustachio
  4706 | D:6      | Killed Eustachio
  4707 | D:6      | Reached XP level 8. HP: 64/71 MP: 7/7
  5924 | D:7      | Found a radiant altar of Vehumet.
  6016 | D:7      | Reached XP level 9. HP: 66/81 MP: 8/8
  6723 | D:7      | Found a shadowy altar of Dithmenos.
  7194 | D:8      | Found Upiolos's Antique Weapon Boutique.
  7216 | D:8      | Noticed a troll
  7228 | D:8      | Killed a troll
  8170 | D:8      | Reached XP level 10. HP: 79/91 MP: 9/9
  8349 | D:8      | Found a staircase to the Lair.
  8982 | D:9      | Found a runed translucent door.
  8983 | D:9      | Noticed wormed's ghost (novice MiBe)
  9176 | D:9      | Noticed a two-headed ogre
  9188 | D:9      | Killed a two-headed ogre
  9189 | D:9      | Reached skill level 10 in Fighting
  9189 | D:9      | Reached skill level 10 in Axes
  9411 | D:9      | Noticed a two-headed ogre
  9417 | D:9      | Killed a two-headed ogre
  9431 | D:9      | Noticed a two-headed ogre
  9440 | D:9      | Killed a two-headed ogre
  9441 | D:9      | Reached skill level 10 in Armour
 10005 | D:9      | Found Edis's Antique Armour Shoppe.
 10499 | D:9      | Killed wormed's ghost
 10500 | D:9      | Reached XP level 11. HP: 42/101 MP: 10/10
 10739 | D:10     | Entered Level 10 of the Dungeon
 10982 | D:10     | Noticed a two-headed ogre
 10995 | D:10     | Killed a two-headed ogre
 11091 | D:10     | Noticed a centaur warrior
 11104 | D:10     | Killed a centaur warrior
 11349 | D:10     | Noticed Maggie
 11361 | D:10     | Killed Maggie
 11362 | D:10     | Reached skill level 10 in Dodging
 11494 | D:10     | Noticed a two-headed ogre
 11502 | D:10     | Killed a two-headed ogre
 12344 | D:11     | Noticed a two-headed ogre
 12351 | D:11     | Killed a two-headed ogre
 12366 | D:11     | Found a hide-covered altar of Uskayaw.
 12369 | D:11     | Noticed a +0 dagger
 12370 | D:11     | Noticed a +0 dagger
 12403 | D:11     | Noticed a catoblepas
 12777 | D:10     | Killed a catoblepas
 13971 | D:12     | Noticed a purple ugly thing
 13984 | D:12     | Killed a purple ugly thing
 14400 | D:12     | Noticed a white ugly thing
 14411 | D:12     | Killed a white ugly thing
 14478 | D:12     | Noticed Jorgrun
 14502 | D:12     | Killed from afar by Jorgrun

Illustrated notes

Levels and vault maps discovered:
D:1:      lightli_molten_gateway, layout_rooms, minmay_tetromino_s2
D:2:      layout_basic, basic_altar, serial_corexii_hall,
          corexii_hall_statues_t, corexii_hall_statues_i,
          nicolae_ecumenical_oubliette, uniq_robin
D:3:      layout_basic, tgw_kikubaaqudgha, uniq_jessica
D:4:      layout_basic, chequers_temple_overflow_minitemple,
          minmay_temple_entry_stoned_glass, st_stairs_13
D:5:      layout_cave_pods
D:6:      layout_loops_ring, st_stairs_2, chequers_arboretum, uniq_edmund,
          uniq_eustachio
D:7:      cheibrodos_iron_armory, layout_loops_ring, lemuel_doored_altar,
          vehumet_statue, minmay_manual_mess
D:8:      layout_layer_cave, erik_lair_orcish_takeover, minmay_shop_grid_forest
D:9:      layout_basic, hellmonk_ghost_happy_afterlife, serial_shops, shop,
          minmay_misc_feat_pillars
D:10:     layout_loops_corners, nicolae_two_hexagons, nicolae_wand_duel,
          uniq_maggie
D:11:     layout_big_octagon, gauntlet_entry_generic, dancing_weapons_uskayaw
D:12:     layout_irregular_city, zombieorc2_lemuel, serial_shops,
          nicolae_take_the_stairs, nicolae_danse_macabre, uniq_jorgrun

Skill      XL: |  1  2  3  4  5  6  7  8  9 10 11 |
---------------+----------------------------------+-----
Axes           | 4 5 6 8 9 10 12 | 12.1
Fighting       | 4 5 6 8 9 10 12 | 12.1
Armour         | 3 4 5 6 7 9 10 11 | 11.8
Dodging        | 3 4 5 6 8 9 10 | 10.8

Action                   |  1- 3 |  4- 6 |  7- 9 | 10-12 || total
-------------------------+-------+-------+-------+-------++-------
Melee: Hand axe          |    69 |    92 |   228 |   227 ||   616
       Headbutt          |    15 |    17 |    38 |    67 ||   137
       Punch             |       |     1 |     5 |     3 ||     9
       Morningstar       |       |       |       |    77 ||    77
Invok: Berserk           |     1 |     4 |    12 |    17 ||    34
       Trog's Hand       |     1 |     4 |    11 |     4 ||    20
  Use: Scroll            |       |     9 |     4 |     7 ||    20
       Potion            |       |       |       |     4 ||     4
 Stab: Petrified         |       |       |       |     2 ||     2
Armor: Animal skin       |     4 |       |       |       ||     4
       Ring mail         |    18 |     8 |       |       ||    26
       Scale mail        |       |    33 |    22 |       ||    55
       Plate armour      |       |       |   101 |   194 ||   295
Dodge: Dodged            |    52 |    51 |   151 |   154 ||   408
